 Dungeon Crawl Stone Soup version 0.24.0-123-gd5b16e6ec5 (webtiles) character file.

Game seed: 11171198193184590829, levelgen mode: deterministic

235304 InkhCrawls the Thaumaturge (level 19, -7/147 HPs)
             Began as a Gnoll Wizard on Jan 24, 2020.
             Was the Champion of Ashenzari.
             Killed from afar by Jory (58 damage)
             ... with a crystal spear
             ... on level 1 of the Vaults on Jan 26, 2020.
             The game lasted 04:08:39 (52129 turns).

InkhCrawls the Thaumaturge (Gnoll Wizard)          Turns: 52129, Time: 04:08:39

Health: -7/147     AC: 24    Str: 12    XL:     19   Next: 17%
Magic:  0/56       EV: 22    Int: 24    God:    Ashenzari [******]
Gold:   1854       SH: 13    Dex: 16    Spells: 8/46 levels left

rFire    + + +     SeeInvis +   e - +4 scimitar (flame) (curse)
rCold    . . .     Gourm    .   f - +0 shield of Eternal Night {MR+} (curse)
rNeg     . . .     Faith    .   n - +4 ring mail
rPois    .         Spirit   +   U - +3 hat of Pondering {ponderous, MR+ MP+10 Int+5} (curse)
rElec    +         Reflect  .   I - +0 cloak
rCorr    .         Harm     .   x - +2 pair of gloves
MR       +++..     Clarity  +   M - +0 pair of boots
Stlth    +++++.....             b - amulet of the Lotus Blossom {Spirit Fragile rElec rF+++ Int-5} (curse)
HPRegen  0.34/turn              m - ring of Past Mistakes {MP+9 AC+3} (curse)
MPRegen  0.35/turn              u - +3 ring of evasion (curse)

@: marked, studying Fire Magic, slow
A: distributed training, fangs 1, strong nose
}: 2/15 runes: serpentine, barnacled
a: Curse Item, Scrying, Renounce Religion


You were on level 1 of the Vaults.
You worshipped Ashenzari.
Ashenzari was exalted by your worship.
You were near starving.

You visited 7 branches of the dungeon, and saw 34 of its levels.
You also visited: Sewer.

You collected 3978 gold pieces.
You spent 2124 gold pieces at shops.

Inventory:

Hand Weapons
 e - a cursed +4 scimitar of flaming (weapon)
Armour
 f - the cursed +0 shield of Eternal Night (worn) {MR+}
   (You acquired it on level 2 of the Shoals)

   It affects your resistance to hostile enchantments.
   It has a curse placed upon it.
 n - a +4 ring mail (worn)
 x - a +2 pair of gloves (worn)
 I - a +0 cloak (worn)
 M - a +0 pair of boots (worn)
 U - the cursed +3 hat of Pondering (worn) {ponderous, MR+ MP+10 Int+5}
   (You took it off Gastronok on level 8 of the Dungeon)

   It affects your intelligence (+5).
   It affects your resistance to hostile enchantments.
   It affects your magic capacity (+10).
   It has a curse placed upon it.
Jewellery
 b - the cursed amulet of the Lotus Blossom (around neck) {Spirit Fragile rElec rF+++ Int-5}
   (You found it on level 3 of the Lair of Beasts)

   [amulet of guardian spirit]

   It causes incoming damage to be split between your health and magic.
   It affects your intelligence (-5).
   It renders you almost immune to fire.
   It insulates you from electricity.
   It will be destroyed if unequipped.
   It has a curse placed upon it.
 m - the cursed ring of Past Mistakes (left hand) {MP+9 AC+3}
   (You found it on level 4 of the Snake Pit)

   [ring of protection]

   It affects your AC (+3).
   It affects your magic capacity (+9).
   It has a curse placed upon it.
 u - a cursed +3 ring of evasion (right hand)
 W - an uncursed amulet of magic regeneration
Wands
 c - a wand of enslavement (9)
 s - a wand of acid (13)
 y - a wand of disintegration (16)
 B - a wand of iceblast (12)
 D - a wand of digging (23)
 Q - a wand of clouds (8)
Scrolls
 a - 6 scrolls of amnesia
 g - 3 scrolls of immolation
 k - 9 scrolls of remove curse
 o - 4 scrolls of enchant weapon
 p - 7 scrolls of enchant armour
 v - 14 scrolls of teleportation
 E - 8 scrolls of blinking
 G - 4 scrolls of fear
 K - 12 scrolls of identify
 L - 4 scrolls of silence
 O - a scroll of brand weapon
 P - 3 scrolls of magic mapping
 R - 2 scrolls of holy word
 S - 2 scrolls of fog
 X - a scroll of summoning
Potions
 h - 3 potions of might
 j - 5 potions of magic
 l - 2 potions of lignification
 q - 9 potions of flight
 r - 2 potions of haste
 w - 2 potions of ambrosia
 z - 8 potions of agility
 A - 3 potions of brilliance
 C - 9 potions of curing
 F - a potion of berserk rage
 H - a potion of invisibility
 J - 4 potions of cancellation
 N - 3 potions of resistance
 V - a potion of heal wounds
Books
 Z - a manual of Fire Magic
Miscellaneous
 i - a phantom mirror
 t - a sack of spiders
 T - a phial of floods
Comestibles
 d - 33 rations


   Skills:
 + Level 12.4 Fighting
 + Level 12.4 Short Blades
 + Level 12.4(16.5) Long Blades
 + Level 12.4 Axes
 + Level 12.4 Maces & Flails
 + Level 12.4 Polearms
 + Level 12.4 Staves
 + Level 12.4 Slings
 + Level 12.4 Bows
 + Level 12.4 Crossbows
 + Level 12.4 Throwing
 + Level 12.4 Armour
 + Level 13.1 Dodging
 + Level 13.0 Stealth
 + Level 12.4(15.1) Shields
 + Level 12.4 Unarmed Combat
 + Level 14.0 Spellcasting
 + Level 10.9(15.1) Conjurations
 + Level 10.6(14.9) Hexes
 + Level 10.6(14.9) Charms
 + Level 10.9(15.1) Summonings
 + Level 10.6(14.9) Necromancy
 + Level 10.9(15.1) Translocations
 + Level 10.6(14.9) Transmutations
 + Level 10.9(15.1) Fire Magic
 + Level 10.6(14.9) Ice Magic
 + Level 10.6(14.9) Air Magic
 + Level 10.6(14.9) Earth Magic
 + Level 10.6(14.9) Poison Magic
 + Level 13.4 Invocations
 + Level 12.4(16.5) Evocations


You had 8 spell levels left.
You knew the following spells:

 Your Spells              Type           Power        Failure   Level  Hunger
a - Animate Dead          Necr           N/A          1%          4    None
b - Freezing Cloud        Conj/Ice/Air   ######....   1%          6    #####..
c - Summon Ice Beast      Ice/Summ       ######..     1%          4    None
d - Borgnjor's Vile Clut  Necr/Erth      ######....   1%          5    ###....
e - Conjure Flame         Conj/Fire      ######..     1%          3    None
f - Mephitic Cloud        Conj/Pois/Air  ######..     1%          3    None
g - Simulacrum            Ice/Necr       ######....   2%          6    #####..
i - Blink                 Tloc           N/A          1%          2    None
k - Swiftness             Chrm/Air       ######..     1%          2    None
l - Regeneration          Chrm/Necr      ######....   1%          3    None

Your spell library contained the following spells:

 Spells                   Type           Power        Failure   Level  Hunger
 Animate Skeleton         Necr           N/A          0%          1    None
 Apportation              Tloc           ######       0%          1    None
 Confusing Touch          Hex            ######       0%          1    None
 Magic Dart               Conj           ####         0%          1    None
 Pain                     Necr           ####         0%          1    None
 Summon Butterflies       Summ           ######..     0%          1    None
 Summon Small Mammal      Summ           ####         0%          1    None
 Call Imp                 Summ           ######..     1%          2    None
 Corpse Rot               Necr           N/A          1%          2    None
 Passwall                 Tmut/Erth      ######..     1%          2    None
 Slow                     Hex            ######..     1%          2    None
 Sublimation of Blood     Necr           ######....   1%          2    None
 Call Canine Familiar     Summ           ######..     1%          3    None
 Confuse                  Hex            ######..     1%          3    None
 Gell's Gravitas          Tloc           ######....   1%          3    None
 Recall                   Summ/Tloc      N/A          1%          3    None
 Vampiric Draining        Necr           ######....   1%          3    None
 Ice Form                 Ice/Tmut       ######..     1%          4    None
 Passage of Golubria      Tloc           N/A          1%          4    None
 Petrify                  Tmut/Erth      ######..     1%          4    None
 Agony                    Necr           ######..     1%          5    ###....
 Bolt of Draining         Conj/Necr      ######....   1%          5    ###....
 Bolt of Magma            Conj/Fire/Erth ######....   1%          5    ###....
 Dispel Undead            Necr           ######..     1%          5    ###....
 Excruciating Wounds      Chrm/Necr      ######....   1%          5    ###....
 Iskenderun's Battlesphe  Conj/Chrm      ######..     1%          5    ###....
 Lee's Rapid Deconstruct  Erth           ######....   1%          5    ###....
 Metabolic Englaciation   Hex/Ice        ######....   1%          5    ###....
 Summon Mana Viper        Hex/Summ       ######..     1%          5    ###....
 Venom Bolt               Conj/Pois      ######....   1%          5    ###....
 Yara's Violent Unravell  Hex/Tmut       ######....   1%          5    ###....
 Bolt of Cold             Conj/Ice       ######....   1%          6    #####..
 Iron Shot                Conj/Erth      ######....   1%          6    #####..
 Darkness                 Hex            ######....   2%          6    #####..
 Death Channel            Necr           ######....   2%          6    #####..
 Invisibility             Hex            ######..     2%          6    #####..
 Ozocubu's Refrigeration  Ice            ######....   2%          6    #####..
 Malign Gateway           Summ/Tloc      ######....   11%         7    ######.
 Monstrous Menagerie      Summ           ######....   11%         7    ######.
 Orb of Destruction       Conj           ######....   11%         7    ######.
 Spellforged Servitor     Conj/Summ      ######....   11%         7    ######.
 Summon Greater Demon     Summ           ######....   11%         7    ######.
 Summon Hydra             Summ           ######....   11%         7    ######.
 Summon Horrible Things   Summ           ######....   63%         8    #######


Dungeon Overview and Level Annotations

Branches:
Dungeon (15/15)            Temple (1/1) D:4            Lair (6/6) D:10
 Shoals (4/4) Lair:3        Snake (4/4) Lair:3        Slime (0/5) Lair:6
    Orc (2/2) D:12            Elf (0/3) Orc:2        Vaults (2/5) D:14
 Depths (0/5) D:15          Sewer (visited)
  Crypt: Vaults:2-3

Altars:
Ashenzari
Cheibriados
Dithmenos
Elyvilon
Fedhas
Gozag
Hepliaklqana
Kikubaaqudgha
Makhleb
Nemelex Xobeh
Okawaru
Qazlal
Ru
Sif Muna
Trog
Uskayaw
Vehumet
Wu Jian
Xom
Yredelemnul
Zin
The Shining One

Shops:
D:4 =(=*!   D:11 :   D:13 (   Orc:2 :(!*?   Shoals:3 *   Shoals:4 =
Snake:1 =}=   Snake:3 %   Snake:4 =!   Vaults:2 [

Portals:
Hell: Lair:6
Trove: D:12 (give +5 demon trident)

Annotations:
D:6 1 runed translucent door, Raikon's ghost, novice MiGl
D:14 3 runed translucent doors, Wopp's ghost, journeyman GrEE
Snake:4 1 runed translucent door, jperry's ghost, adept GrFi
Vaults:1 Jory


Innate Abilities, Weirdness & Mutations

Your experience applies equally to all skills.
You have very sharp teeth.
Your uncanny sense of smell can sniff out nearby items.


Message History

You feel much better.
The zombie hands constrict Jory, but do no damage.
Jory is engulfed in freezing vapours.
Jory escapes!
Casting: Borgnjor's Vile Clutch (safe; 1% risk of failure)
Confirm with . or Enter, or press ? or * to list all spells.
Aiming: Borgnjor's Vile Clutch (safe; 1% risk of failure)
Press: ? - help, Dir - move target cursor, f/p - Jory
Aim: Jory, wielding a +3 glaive of freezing and wearing a +1 plate armour of poison resistance (almost destroyed) Decaying hands burst forth from the earth!
Zombie hands grab Jory.
The zombie hands constrict Jory.
Jory completely misses you.
The zombie hands constrict Jory!
Jory is infused with unholy energy.
Jory draws life force from you and is healed!
You hit Jory but do no damage.
Jory is almost destroyed.
The zombie hands constrict Jory.
Jory points at you and mumbles some strange words.
The crystal spear hits you!!!
You die...

#..#)#.#.#.#....#...
#..#.###.#.######...
#..........# #...
#..........# #...
####'######### #...
#......# #...
#......############'##
#.§§§..#.#.....#.....#
#§☼§V@.#).............
#§§§...'.....##....##.
#......#..#.....#.....
#......##############'
#......# #######..#...
######## #.....#..#...
#....))..'...
#.....#..#...
#....Z#..#...


You could see Jory.

Vanquished Creatures
  Bai Suzhen (Shoals:3)
  Gastronok (D:8)
  5 nagarajas
  2 frost giants
  Ilsuiw (Shoals:4)
  2 ironheart preservers (Vaults:1)
  Azrael (D:14)
  A minotaur (Orc:2)
  Snorg (D:14)
  The ghost of Daor the Thaumaturge, a journeyman GnSk of Cheibriados (Lair:1)
  3 merfolk javelineers
  Josephine (D:14)
  10 merfolk impalers
  A great orb of eyes (Vaults:1)
  Harold (D:9)
  13 naga warriors
  A catoblepas (Lair:4)
  6 vault guards
  An ice dragon (Vaults:1)
  A yaktaur captain (Vaults:1)
  A rakshasa (Vaults:1)
  6 hydras
  13 anacondas
  5 satyrs
  3 ogre magi
  A death knight (D:13)
  Erica (D:7)
  A merfolk aquamancer (Shoals:4)
  A merfolk avatar (Shoals:4)
  3 two-headed ogres
  A centaur warrior (Vaults:1)
  An orc high priest (Orc:2)
  A naga sharpshooter (Snake:4)
  3 deep elf knights (Vaults:1)
  3 shock serpents
  Sonja (Lair:3)
  4 salamander mystics
  6 skeletal warriors
  9 sea snakes
  3 unseen horrors
  2 naga ritualists (Snake:4)
  2 deep trolls (Vaults:1)
  A glowing orange brain (Vaults:1)
  9 harpies
  3 wizards
  3 orc knights
  A necromancer (D:15)
  A deep elf archer (Vaults:1)
  An ironbrand convoker (Vaults:1)
  4 lindwurms (Snake:4)
  8 mana vipers
  4 deep elf magi
  9 ugly things
  4 salamanders
  7 cyclopes
  8 manticores
  6 orc sorcerers
  17 fauns
  A wolf spider (Vaults:1)
  9 guardian serpents
  5 merfolk sirens
  13 black mambas
  Psyche (D:9)
  Joseph (D:10)
  A smoke demon (Lair:6)
  3 water nymphs (Shoals:4)
  12 naga magi
  2 orange demons (Lair:6)
  3 gargoyles
  6 spiny frogs
  2 vault sentinels
  2 kobold demonologists (D:13)
  A rime drake (shapeshifter) (Vaults:1)
  3 rime drakes
  4 yaktaurs
  A komodo dragon (Lair:4)
  2 efreet
  2 ice devils (Lair:6)
  3 meliai
  23 merfolk
  7 trolls
  A polar bear (Lair:3)
  A wolf spider simulacrum (Vaults:1)
  3 wind drakes
  A hornet (Vaults:1)
  11 slime creatures
  6 hippogriffs
  A blink frog (Lair:3)
  4 dream sheep
  5 snapping turtles
  2 shadows
  3 vampires
  A centaur simulacrum (D:15)
  A water elemental (Shoals:4)
  4 wraiths
  26 yaks
  A spriggan (Lair:4)
  2 humans (D:14)
  A yak (shapeshifter) (Vaults:1)
  3 wyverns
  3 fire elementals (D:14)
  A hungry ghost (D:9)
  A yaktaur simulacrum (Vaults:1)
  4 vampire mosquitoes (D:12)
  Grum (D:9)
  3 acid dragons
  A warg (D:12)
  25 nagas
  14 water moccasins
  4 porcupines
  5 hell hounds
  6 ice beasts
  2 sky beasts
  10 ogres
  13 orc warriors
  An eye of draining (D:15)
  3 black bears
  3 necrophages
  19 wolves
  21 centaurs
  10 crocodiles
  4 big kobolds
  15 bullfrogs
  3 scorpions
  A wyvern skeleton (D:14)
  14 killer bees
  An electric eel (Lair:3)
  8 wights
  A howler monkey (D:4)
  3 crimson imps
  5 centaur zombies
  A quasit (D:13)
  6 jellies
  3 centaur skeletons
  A gnoll shaman (Orc:2)
  10 orc priests
  3 hounds
  5 iguanas
  27 orc wizards
  4 bullfrog skeletons
  8 worker ants
  A hound zombie (D:5)
  A hound skeleton (D:8)
  2 worker ant zombies
  10 adders
  9 gnolls
  4 shadow imps
  5 oozes (Sewer)
  An adder zombie (D:9)
  3 adder skeletons
  2 worms
  16 leopard geckos
  57 orcs
  10 ball pythons
  15 giant cockroaches
  11 goblins
  2 hobgoblins
  10 jackals
  16 kobolds
  5 quokkas
  7 bats
  13 frilled lizards
  A jackal skeleton (D:4)
  A leopard gecko zombie (D:6)
  9 rats
  A fungus (Lair:6)
  13 plants
893 creatures vanquished.

Vanquished Creatures (collateral kills)
  4 nagarajas
  An ironheart preserver (Vaults:1)
  Nessos (Lair:4)
  A dire elephant (Lair:6)
  The ghost of Nebesus the Cleaver, a journeyman MiFi of Yredelemnul (Orc:2)
  A merfolk javelineer (Shoals:4)
  5 merfolk impalers
  A yaktaur captain (Vaults:1)
  6 naga warriors
  An ice dragon (Vaults:1)
  3 vault guards (Vaults:1)
  3 merfolk avatars
  A death knight (Vaults:1)
  7 anacondas
  An alligator snapping turtle (Shoals:4)
  2 two-headed ogres (D:15)
  A satyr (Shoals:4)
  A deep troll earth mage (Vaults:1)
  3 naga sharpshooters (Snake:4)
  3 orc high priests (Orc:2)
  A sun demon (Lair:6)
  3 shock serpents
  2 salamander mystics (Snake:4)
  4 sea snakes
  2 ironbrand convokers (Vaults:1)
  3 naga ritualists
  6 harpies
  3 orc knights
  A wizard (Lair:6)
  2 manticores
  3 mana vipers
  2 deep elf magi
  An oklob plant (Lair:4)
  2 ugly things
  An orc sorcerer (Orc:2)
  4 salamanders
  4 fauns
  A merfolk siren (Shoals:4)
  13 black mambas
  10 naga magi
  3 guardian serpents
  2 centaur skeletons (D:15)
  3 water nymphs
  A guardian serpent (shapeshifter) (Vaults:1)
  A gargoyle (D:15)
  2 spiny frogs
  A yaktaur (Vaults:1)
  An orange demon (Lair:6)
  A komodo dragon (Lair:3)
  12 merfolk
  A tengu conjurer (D:15)
  2 polar bears (Lair:6)
  A troll (D:14)
  A queen bee (Lair:5)
  2 wind drakes
  8 blink frogs
  A dream sheep (Shoals:4)
  A hippogriff (Shoals:3)
  A wraith (Vaults:1)
  10 yaks
  16 nagas
  3 hell hounds (Lair:6)
  A water moccasin (Lair:6)
  2 porcupines (Lair:5)
  The ghost of
  1492 the Ruffian, an amateur TrCK of Xom (D:3)
  6 orc warriors (Orc:2)
  A wolf (Lair:5)
  2 centaurs (Shoals:1)
  3 crocodiles
  6 bullfrogs
  A wight (D:14)
  10 killer bees (Lair:5)
  A bullfrog skeleton (D:12)
  A jelly (Lair:6)
  2 orc priests (Orc:2)
  3 orc wizards
  A killer bee zombie (D:6)
  A gnoll (Orc:2)
  8 oozes
  6 leopard geckos
  9 orcs
  7 ball pythons (Sewer)
  8 giant cockroaches
  A goblin (D:3)
  2 hobgoblins
  3 jackals
  4 kobolds
  A rat (D:3)
280 creatures vanquished.

Vanquished Creatures (others)
  A naga warrior (Snake:3)
  An orc priest (Orc:2)
  An orc wizard (Orc:2)
  An orc (D:13)
  3 fungi
  7 plants
  A withered plant (D:3)
15 creatures vanquished.

Grand Total: 1188 creatures vanquished

Notes
Turn   | Place    | Note
-------+----------+-------------------------------------------
     0 | D:1      | InkhCrawls the Gnoll Wizard began the quest for the Orb.
     0 | D:1      | Reached XP level 1. HP: 13/13 MP: 8/8
   144 | D:1      | Reached XP level 2. HP: 19/19 MP: 6/10
   148 | D:1      | Learned a level 2 spell: Call Imp
   151 | D:1      | Learned a level 2 spell: Blink
   587 | D:1      | Reached XP level 3. HP: 25/25 MP: 9/11
   592 | D:1      | Learned a level 3 spell: Conjure Flame
   596 | D:1      | Learned a level 3 spell: Mephitic Cloud
  1062 | D:2      | Found a radiant altar of Vehumet.
  1651 | D:2      | Reached skill level 1 in Invocations
  1807 | D:3      | Found a runed translucent door.
  1808 | D:3      | Noticed 1492's ghost (amateur TrCK)
  1938 | D:3      | Reached skill level 1 in Fighting
  1938 | D:3      | Reached skill level 1 in Short Blades
  1938 | D:3      | Reached skill level 1 in Long Blades
  1938 | D:3      | Reached skill level 1 in Axes
  1938 | D:3      | Reached skill level 1 in Maces & Flails
  1938 | D:3      | Reached skill level 1 in Polearms
  1938 | D:3      | Reached skill level 1 in Staves
  1938 | D:3      | Reached skill level 1 in Slings
  1938 | D:3      | Reached skill level 1 in Bows
  1938 | D:3      | Reached skill level 1 in Crossbows
  1938 | D:3      | Reached skill level 1 in Throwing
  1938 | D:3      | Reached skill level 1 in Armour
  1938 | D:3      | Reached skill level 1 in Shields
  1938 | D:3      | Reached skill level 1 in Unarmed Combat
  1938 | D:3      | Reached skill level 1 in Evocations
  1947 | D:3      | Reached XP level 4. HP: 32/32 MP: 1/13
  2070 | D:3      | Reached skill level 1 in Hexes
  2070 | D:3      | Reached skill level 1 in Charms
  2070 | D:3      | Reached skill level 1 in Necromancy
  2070 | D:3      | Reached skill level 1 in Transmutations
  2070 | D:3      | Reached skill level 1 in Fire Magic
  2070 | D:3      | Reached skill level 1 in Ice Magic
  2070 | D:3      | Reached skill level 1 in Air Magic
  2070 | D:3      | Reached skill level 1 in Earth Magic
  2070 | D:3      | Reached skill level 1 in Poison Magic
  2408 | D:3      | Reached XP level 5. HP: 37/37 MP: 2/14
  3021 | D:4      | Found Nuumn's Jewellery Shoppe.
  3024 | D:4      | Found Niaf's Jewellery Shop.
  3095 | D:4      | Found Suosaneh's General Store.
  3102 | D:4      | Found Ycismil's Antique Weapon Shop.
  3127 | D:4      | Found Udghy's Distillery.
  3267 | D:3      | Killed 1492's ghost
  3436 | D:4      | Reached XP level 6. HP: 44/44 MP: 5/16
  3599 | D:4      | Found a staircase to the Ecumenical Temple.
  3634 | Temple   | Entered the Ecumenical Temple
  3815 | Temple   | Became a worshipper of Ashenzari the Shackled
  3982 | D:4      | Bought a +3 ring of evasion for 210 gold pieces
  4367 | D:5      | Entered Level 5 of the Dungeon
  4373 | D:5      | Found a shimmering altar of Xom.
  4414 | D:5      | Reached skill level 5 in Dodging
  4511 | D:5      | Found an ancient bone altar of Kikubaaqudgha.
  4597 | D:5      | Noticed an ice beast
  4738 | D:5      | Killed an ice beast
  4738 | D:5      | Reached XP level 7. HP: 50/50 MP: 18/18
  4797 | D:5      | Found a shimmering blue altar of Sif Muna.
  5534 | D:6      | Reached * piety under Ashenzari
  5628 | D:6      | Found a glowing drain.
  5645 | Sewer    | Entered a sewer
  6069 | Sewer    | Reached skill level 5 in Stealth
  6235 | D:6      | Found a shimmering altar of Xom.
  6257 | D:6      | Reached XP level 8. HP: 51/57 MP: 19/19
  6451 | D:6      | Found a runed translucent door.
  6779 | D:6      | Reached skill level 8 in Spellcasting
  6915 | D:6      | Found a shimmering altar of Xom.
  6915 | D:6      | Noticed Raikon's ghost (novice MiGl)
  6916 | D:6      | Noticed a +2 whip of chaos
  7252 | D:7      | Paralysed by a centaur for 7 turns
  7268 | D:7      | Reached XP level 9. HP: 49/65 MP: 21/21
  7943 | D:8      | Noticed Erica
  7975 | D:8      | HP: 2/65 [something (2)]
  8287 | D:7      | Killed Erica
  8588 | D:8      | Noticed Gastronok
  8607 | D:8      | Noticed a troll
  8642 | D:8      | Killed a troll
  8723 | D:8      | Reached skill level 5 in Invocations
  9093 | D:8      | Found a basalt altar of Yredelemnul.
  9204 | D:8      | Reached ** piety under Ashenzari
  9345 | D:8      | Reached XP level 10. HP: 73/73 MP: 22/22
  9711 | D:9      | Noticed a green ugly thing
  9751 | D:9      | Noticed Harold
  9817 | D:9      | Noticed Psyche
  9887 | D:9      | Killed Psyche
  9887 | D:9      | Reached skill level 5 in Fighting
  9887 | D:9      | Reached skill level 5 in Short Blades
  9887 | D:9      | Reached skill level 5 in Long Blades
  9887 | D:9      | Reached skill level 5 in Axes
  9887 | D:9      | Reached skill level 5 in Maces & Flails
  9887 | D:9      | Reached skill level 5 in Polearms
  9887 | D:9      | Reached skill level 5 in Staves
  9887 | D:9      | Reached skill level 5 in Slings
  9887 | D:9      | Reached skill level 5 in Bows
  9887 | D:9      | Reached skill level 5 in Crossbows
  9887 | D:9      | Reached skill level 5 in Throwing
  9887 | D:9      | Reached skill level 5 in Armour
  9887 | D:9      | Reached skill level 5 in Shields
  9887 | D:9      | Reached skill level 5 in Unarmed Combat
  9887 | D:9      | Reached skill level 5 in Evocations
 10200 | D:9      | Reached skill level 9 in Spellcasting
 10332 | D:9      | Noticed Grum
 10345 | D:9      | Killed Grum
 10749 | D:9      | Killed Harold
 10749 | D:9      | Reached skill level 5 in Conjurations
 10749 | D:9      | Reached skill level 5 in Summonings
 10749 | D:9      | Reached skill level 5 in Translocations
 11661 | D:9      | Reached XP level 11. HP: 78/81 MP: 24/24
 11833 | D:10     | Entered Level 10 of the Dungeon
 12032 | D:10     | Found a staircase to the Lair.
 12084 | D:10     | Noticed Joseph
 12099 | D:10     | Killed Joseph
 12432 | D:10     | Reached skill level 5 in Hexes
 12432 | D:10     | Reached skill level 5 in Charms
 12432 | D:10     | Reached skill level 5 in Necromancy
 12432 | D:10     | Reached skill level 5 in Transmutations
 12432 | D:10     | Reached skill level 5 in Fire Magic
 12432 | D:10     | Reached skill level 5 in Ice Magic
 12432 | D:10     | Reached skill level 5 in Air Magic
 12432 | D:10     | Reached skill level 5 in Earth Magic
 12432 | D:10     | Reached skill level 5 in Poison Magic
 13049 | D:11     | Noticed a cyclops
 13059 | D:11     | Killed a cyclops
 13444 | D:11     | Found Apsi's Book Emporium.
 13444 | D:11     | Reached *** piety under Ashenzari
 14338 | D:9      | Killed a green ugly thing
 14439 | D:8      | Killed Gastronok
 14439 | D:8      | Reached XP level 12. HP: 89/89 MP: 25/25
 14654 | Lair:1   | Entered Level 1 of the Lair of Beasts
 14904 | Lair:1   | Reached skill level 10 in Spellcasting
 15059 | D:10     | HP: 3/89 [poisoned by a black mamba]
 15764 | D:12     | Found a staircase to the Orcish Mines.
 16046 | D:12     | Found a portal to a secret trove of treasure.
 16322 | Orc:1    | Entered Level 1 of the Orcish Mines
 17029 | D:11     | Bought a book of Burglary for 1050 gold pieces
 17032 | D:11     | Learned a level 2 spell: Swiftness
 17036 | D:11     | Learned a level 3 spell: Regeneration
 17157 | Orc:2    | Entered Level 2 of the Orcish Mines
 17157 | Orc:2    | Found a staircase to the Elven Halls.
 17157 | Orc:2    | Noticed a two-headed ogre
 17358 | Orc:2    | Killed a two-headed ogre
 17415 | Orc:2    | Found Wushrudd's Magic Scroll Emporium.
 17424 | Orc:2    | Noticed Nebesus's ghost (journeyman MiFi)
 17425 | Orc:2    | Noticed a minotaur
 17503 | Orc:2    | Found a runed translucent gate.
 17503 | Orc:2    | Found a runed translucent gate.
 17503 | Orc:2    | Found a runed translucent gate.
 17524 | Orc:2    | Noticed an orc high priest
 18271 | Lair:1   | Found a large runed translucent door.
 18272 | Lair:1   | Found a large runed translucent door.
 18272 | Lair:1   | Noticed Daor's ghost (journeyman GnSk)
 18834 | Lair:1   | Learned a level 4 spell: Summon Ice Beast
 18865 | Lair:1   | Killed Daor's ghost
 19165 | Lair:2   | Reached XP level 13. HP: 93/98 MP: 27/27
 19230 | Lair:2   | Reached **** piety under Ashenzari
 19235 | Lair:2   | Identified the +5 rapier of the Saviour {flame, Str+2}
 20090 | Lair:3   | Found a staircase to the Shoals.
 20291 | Lair:3   | Found a staircase to the Snake Pit.
 20803 | Lair:3   | Identified the amulet of the Lotus Blossom {Spirit Fragile
                  | rElec rF+++ Int-5}
 21001 | Lair:4   | Noticed Nessos
 21014 | Lair:4   | Noticed Sonja
 21016 | Lair:4   | Killed Nessos
 21261 | Lair:3   | Killed Sonja
 22485 | Lair:4   | Reached ***** piety under Ashenzari
 23901 | Lair:5   | Reached skill level 11 in Spellcasting
 24436 | Lair:6   | Entered Level 6 of the Lair of Beasts
 24637 | Lair:6   | Found a staircase to the Slime Pits.
 25639 | Lair:6   | Reached XP level 14. HP: 106/106 MP: 29/29
 25748 | Lair:6   | Noticed a dire elephant
 25758 | Lair:6   | Killed a dire elephant
 25902 | Lair:6   | Found a burning altar of Makhleb.
 26382 | Lair:6   | Found a gateway to Hell.
 26488 | Lair:6   | Learned a level 5 spell: Borgnjor's Vile Clutch
 26922 | Orc:2    | Reached skill level 10 in Dodging
 27945 | Orc:2    | Found Vacwam's Assorted Antiques.
 27945 | Orc:2    | Found Una Buab's Book Boutique.
 27947 | Orc:2    | Found Von Ulyf's Distillery.
 27947 | Orc:2    | Found Teguiw's Weapon Boutique.
 28091 | Orc:2    | Bought a scroll of acquirement for 624 gold pieces
 28415 | Snake:1  | Entered Level 1 of the Snake Pit
 28460 | Snake:1  | Reached skill level 10 in Stealth
 28712 | Snake:1  | Found Woith's Jewellery Shop.
 28712 | Snake:1  | Found Etoiroott's Gadget Shoppe.
 28724 | Snake:1  | Found Maeh Didgh's Jewellery Shop.
 29297 | Snake:2  | Reached skill level 10 in Invocations
 29769 | Snake:2  | Noticed a nagaraja
 29781 | Snake:2  | Killed a nagaraja
 30977 | Snake:3  | Noticed a nagaraja
 30981 | Snake:3  | Killed a nagaraja
 31025 | Snake:3  | Reached XP level 15. HP: 109/114 MP: 20/30
 31052 | Snake:3  | Noticed a nagaraja
 31066 | Snake:3  | Killed a nagaraja
 31686 | Snake:3  | Found Ygryrgho's Food Shop.
 33471 | Snake:4  | Entered Level 4 of the Snake Pit
 33577 | Snake:4  | Found Tinesi's Distillery.
 33585 | Snake:4  | Noticed a nagaraja
 33596 | Snake:4  | Reached skill level 12 in Spellcasting
 33886 | Snake:4  | Killed a nagaraja
 33886 | Snake:4  | Reached skill level 10 in Fighting
 33886 | Snake:4  | Reached skill level 10 in Short Blades
 33886 | Snake:4  | Reached skill level 10 in Long Blades
 33886 | Snake:4  | Reached skill level 10 in Axes
 33886 | Snake:4  | Reached skill level 10 in Maces & Flails
 33886 | Snake:4  | Reached skill level 10 in Polearms
 33886 | Snake:4  | Reached skill level 10 in Staves
 33886 | Snake:4  | Reached skill level 10 in Slings
 33886 | Snake:4  | Reached skill level 10 in Bows
 33886 | Snake:4  | Reached skill level 10 in Crossbows
 33886 | Snake:4  | Reached skill level 10 in Throwing
 33886 | Snake:4  | Reached skill level 10 in Armour
 33886 | Snake:4  | Reached skill level 10 in Shields
 33886 | Snake:4  | Reached skill level 10 in Unarmed Combat
 33886 | Snake:4  | Reached skill level 10 in Evocations
 34676 | Snake:4  | Found Xyjott's Jewellery Shop.
 35161 | Snake:4  | Noticed a nagaraja
 35177 | Snake:4  | Killed a nagaraja
 35520 | Snake:4  | Identified the ring of Past Mistakes {MP+9 AC+3}
 35776 | Snake:4  | Found a runed translucent door.
 35781 | Snake:4  | Noticed jperry's ghost (adept GrFi)
 36123 | Snake:4  | Noticed a nagaraja
 36235 | Snake:4  | Killed a nagaraja
 36351 | Snake:4  | Noticed a nagaraja
 36364 | Snake:4  | Killed a nagaraja
 36621 | Snake:4  | Learned a level 4 spell: Animate Dead
 36721 | Snake:4  | Reached XP level 16. HP: 122/122 MP: 24/32
 36921 | Snake:4  | Noticed a nagaraja
 36930 | Snake:4  | Killed a nagaraja
 37004 | Snake:4  | Learned a level 6 spell: Freezing Cloud
 37013 | Snake:4  | Noticed a nagaraja
 37024 | Snake:4  | Killed a nagaraja
 38908 | Snake:4  | Got a serpentine rune of Zot
 39913 | D:13     | Found Sohuloi's Antique Weapon Boutique.
 40070 | D:13     | Reached ****** piety under Ashenzari
 40437 | D:14     | Noticed Josephine
 40455 | D:14     | Killed Josephine
 40514 | D:14     | Noticed Azrael
 40522 | D:14     | Killed Azrael
 40525 | D:14     | Found a runed translucent gate.
 40525 | D:14     | Found a runed translucent gate.
 40525 | D:14     | Found a runed translucent gate.
 40527 | D:14     | Found the -2 hat of the Alchemist {rElec rPois rF+ rC+ rN+
                  | MR+ rMut rCorr}
 40527 | D:14     | Noticed Wopp's ghost (journeyman GrEE)
 40541 | D:14     | Noticed Snorg
 40551 | D:14     | Killed Snorg
 40991 | D:14     | Reached XP level 17. HP: 131/131 MP: 33/33
 41512 | D:14     | Found a gate to the Vaults.
 42001 | D:15     | Entered Level 15 of the Dungeon
 42227 | D:15     | Reached skill level 13 in Spellcasting
 43192 | D:15     | Found a staircase to the Depths.
 43743 | Orc:2    | Killed Nebesus's ghost
 43894 | Orc:2    | Bought a scroll of brand weapon for 240 gold pieces
 44161 | Shoals:1 | Entered Level 1 of the Shoals
 44195 | Shoals:1 | Reached skill level 10 in Conjurations
 44195 | Shoals:1 | Reached skill level 10 in Summonings
 44195 | Shoals:1 | Reached skill level 10 in Translocations
 44884 | Shoals:1 | Found a shimmering altar of Xom.
 46361 | Shoals:2 | Identified the cursed +0 shield of Eternal Night {MR+} (You
                  | acquired it on level 2 of the Shoals)
 46512 | Shoals:3 | Noticed Bai Suzhen
 46599 | Shoals:3 | Killed Bai Suzhen
 46925 | Shoals:3 | Reached skill level 10 in Hexes
 46925 | Shoals:3 | Reached skill level 10 in Charms
 46925 | Shoals:3 | Reached skill level 10 in Necromancy
 46925 | Shoals:3 | Reached skill level 10 in Transmutations
 46925 | Shoals:3 | Reached skill level 10 in Fire Magic
 46925 | Shoals:3 | Reached skill level 10 in Ice Magic
 46925 | Shoals:3 | Reached skill level 10 in Air Magic
 46925 | Shoals:3 | Reached skill level 10 in Earth Magic
 46925 | Shoals:3 | Reached skill level 10 in Poison Magic
 47078 | Shoals:3 | Found Tir Olomem's General Store.
 47103 | Shoals:3 | Reached XP level 18. HP: 117/139 MP: 34/35
 47728 | Shoals:4 | Entered Level 4 of the Shoals
 48521 | Shoals:4 | Noticed Ilsuiw
 48544 | Shoals:4 | Killed Ilsuiw
 48773 | Shoals:4 | Found Zeot's Jewellery Shoppe.
 48951 | Shoals:4 | Identified the +5 dagger of Cinerydgh {speed, +Fly rElec}
 49694 | Shoals:4 | Got a barnacled rune of Zot
 50523 | Vaults:1 | Entered Level 1 of the Vaults
 50531 | Vaults:1 | Learned a level 6 spell: Simulacrum
 51336 | Vaults:1 | Reached XP level 19. HP: 147/147 MP: 36/36
 51730 | Vaults:1 | Reached skill level 14 in Spellcasting
 52082 | Vaults:2 | Found Hedarph's Armour Emporium.
 52083 | Vaults:2 | Noticed Jory
 52129 | Vaults:1 | Killed from afar by Jory

Levels and vault maps discovered:
D:1:      shiori_arrival_maze, layout_basic, hex_large, chequers_avenue
D:2:      layout_loops_corners, lemuel_coloured_pillars_altar
D:3:      layout_basic, first_ration, gammafunk_ghost_grave
D:4:      layout_basic, minmay_temple_entry_stoned_glass, serial_shops, shop,
          shop, shop, nicolae_shop_behind_doors, shop,
          hangedman_abyss_or_decor_passed
D:5:      layout_loops_ring, nicolae_overflow_crystal_walls,
          kiku_gazebo_pond_becter, serial_co_window_serial,
          co_window_of_opportunity_a, co_window_corner_a,
          co_window_of_opportunity_a, co_window_paths_b, co_window_corner_a,
          co_window_paths_a, co_window_corner_a, co_window_corner_b,
          co_window_of_opportunity_b, co_window_2corner, co_window_broadway_b,
          co_window_of_opportunity_b, co_window_4corner_b, glass_columns_c,
          glass_columns_a, glass_columns_b, glass_columns_b, glass_columns_b,
          xom_teletrap_fun
D:6:      minmay_flawed_box, layout_loops_cross, old_standard_altar,
          ebering_ghost_xom, portal_sewer_entry_d
D:7:      layout_basic, kennysheep_minor_cross
D:8:      layout_loops_cross, yredelemnul_altar_generic, uniq_erica,
          uniq_gastronok
D:9:      layout_gridville, uniq_grum, uniq_psyche, uniq_harold
D:10:     layout_loops_corners, lair_entry_dummy, grunt_decor_arrowhead,
          grunt_ogre_cave, due_unseen_surprise, uniq_joseph
D:11:     layout_loops_ring, serial_shops, shop_coins,
          kennysheep_opposing_triangles
D:12:     layout_irregular_city, orc_0_dummy, serial_rivers,
          chequers_serial_rivers_marsh, chequers_serial_rivers_small_a,
          chequers_serial_rivers_marsh, chequers_serial_rivers_micro_d,
          nicolae_trove_entry_diagonal
D:13:     layout_roguey, serial_shops, nicolae_shop_waterfront
D:14:     layout_roguey, grunt_vaults_entry_fortified,
          gammafunk_ghost_necromancy, corexii_corridor_pit, serial_rivers,
          chequers_serial_rivers_small_a, chequers_serial_rivers_micro_d,
          chequers_serial_rivers_micro_a, chequers_serial_rivers_micro_b,
          chequers_serial_rivers_micro_d, chequers_serial_rivers_room_a,
          uniq_josephine, uniq_azrael, uniq_snorg
D:15:     grunt_enter_depths_magical_seal, layout_basic
Temple:   bh_familiar_temple
Lair:1:   layout_misc_corridors, ebering_ghost_disaster_area,
          chequers_serial_rivers_large_a
Lair:2:   layout_roguey, lemuel_fruit_fields, infiniplex_staircase_pool_2
Lair:3:   layout_cave_pods, minmay_shoals_entry_lonely_mermaid,
          guppyfry_snake_entry_garden, infiniplex_staircase_pool
Lair:4:   layout_small_grid, grunt_forest_large_clearing_hut,
          grunt_megastairs_5, uniq_sonja, uniq_nessos
Lair:5:   layout_roguey [special_room_bee]
Lair:6:   evil_forest, layout_cave_pods, nicolae_slime_entry_slimehenge
Shoals:1: layout_shoals, lemuel_centaur_altar
Shoals:2: layout_shoals, nicolae_shoals_dead_sea_scrolls
Shoals:3: layout_shoals, serial_shops, shop, uniq_bai_suzhen
Shoals:4: shoals_end_grunt_ice, layout_shoals, shoal_ilsuiw,
          minmay_shop_enchanted_jewellery
Snake:1:  layout_rooms, minmay_shop_grove
Snake:2:  layout_gridlike
Snake:3:  layout_chambers, serial_shops, shop, drop_trap,
          statue_in_the_mist_lemuel
Snake:4:  snake_pit_salamanders_mu, layout_cave_town, serial_shops, shop,
          shop_statue, ebering_ghost_reflecting_pool,
          nrook_guardian_serpent_double
Orc:1:    layout_caves
Orc:2:    grunt_orc_tribal_feast, layout_caves, serial_shops, shop,
          maelrawn_ghost_gauntlet_escape, guppyfry_library_mini
Vaults:1: grunt_vaults_bifocal, v_pattern_2, vaults_room_grunt_arrival_ludios,
          ontoclasm_vaults_ligature, hangedman_vaults_trim,
          vaults_room_door_hall, nicolae_vaults_asterisk,
          vaults_room_grunt_arrival_checkpoint, ontoclasm_vaults_idyll,
          nicolae_vaults_little_squares_4, nicolae_vaults_network_s,
          ontoclasm_vaults_loading_screen, st_smaller_cells, layout_vaults_ring
Vaults:2: nicolae_vaults_c_with_doors, vaults_room_fours,
          hangedman_vaults_unwind, vaults_room_fancy_cross,
          minmay_crypt_entry_simple_walls, hangedman_vaults_capsules,
          nicolae_vaults_puzzle_piece, nicolae_vaults_little_squares_1,
          hangedman_vaults_stitches, nicolae_vaults_mini_display_case,
          ontoclasm_vaults_decontamination, nicolae_vaults_diagonal_hallway_7,
          layout_vaults_omnicross, serial_shops, shop, uniq_jory

Skill      XL: |  1  2  3  4  5  6  7  8  9 10 11 12 13 14 15 16 17 18 19 |
---------------+----------------------------------------------------------+-----
Conjurations   | 2 3 4 5 6 7 8 9 10 | 10.9
Summonings     | 2 3 4 5 6 7 8 9 10 | 10.9
Translocations | 2 3 4 5 6 7 8 9 10 | 10.9
Invocations    | 1 2 3 4 5 6 7 8 9 10 11 12 13 | 13.4
Fighting       | 1 2 3 4 5 6 7 8 9 10 11 12 | 12.4
Short Blades   | 1 2 3 4 5 6 7 8 9 10 11 12 | 12.4
Long Blades    | 1 2 3 4 5 6 7 8 9 10 11 12 | 12.4
Axes           | 1 2 3 4 5 6 7 8 9 10 11 12 | 12.4
Maces & Flails | 1 2 3 4 5 6 7 8 9 10 11 12 | 12.4
Polearms       | 1 2 3 4 5 6 7 8 9 10 11 12 | 12.4
Staves         | 1 2 3 4 5 6 7 8 9 10 11 12 | 12.4
Slings         | 1 2 3 4 5 6 7 8 9 10 11 12 | 12.4
Bows           | 1 2 3 4 5 6 7 8 9 10 11 12 | 12.4
Crossbows      | 1 2 3 4 5 6 7 8 9 10 11 12 | 12.4
Throwing       | 1 2 3 4 5 6 7 8 9 10 11 12 | 12.4
Armour         | 1 2 3 4 5 6 7 8 9 10 11 12 | 12.4
Shields        | 1 2 3 4 5 6 7 8 9 10 11 12 | 12.4
Unarmed Combat | 1 2 3 4 5 6 7 8 9 10 11 12 | 12.4
Evocations     | 1 2 3 4 5 6 7 8 9 10 11 12 | 12.4
Hexes          | 1 2 3 4 5 6 7 8 9 10 | 10.6
Charms         | 1 2 3 4 5 6 7 8 9 10 | 10.6
Necromancy     | 1 2 3 4 5 6 7 8 9 10 | 10.6
Transmutations | 1 2 3 4 5 6 7 8 9 10 | 10.6
Fire Magic     | 1 2 3 4 5 6 7 8 9 10 | 10.9
Ice Magic      | 1 2 3 4 5 6 7 8 9 10 | 10.6
Air Magic      | 1 2 3 4 5 6 7 8 9 10 | 10.6
Earth Magic    | 1 2 3 4 5 6 7 8 9 10 | 10.6
Poison Magic   | 1 2 3 4 5 6 7 8 9 10 | 10.6
Dodging        | 5 6 7 8 9 10 11 12 13 | 13.1
Stealth        | 5 6 7 8 9 10 11 12 13 | 13.0
Spellcasting   | 8 9 10 11 12 13 14 | 14.0

Action                   |  1- 3 |  4- 6 |  7- 9 | 10-12 | 13-15 | 16-18 | 19-21 || total
-------------------------+-------+-------+-------+-------+-------+-------+-------++-------
Melee: Dagger            |     1 |     4 |    53 |       |       |       |       ||    58
       Trident           |       |    67 |   140 |       |       |       |       ||   207
       Bite              |       |     3 |    27 |    50 |    56 |   118 |    27 ||   281
       Punch             |       |       |     2 |     6 |       |       |       ||     8
       Scimitar          |       |       |    41 |   532 |   495 |   816 |   133 ||  2017
 Fire: Hunting sling     |       |     7 |     1 |       |       |       |       ||     8
 Cast: Magic Dart        |    73 |    78 |   171 |   251 |    81 |       |       ||   654
       Call Imp          |     5 |    14 |    15 |    21 |       |       |       ||    55
       Conjure Flame     |       |    10 |    20 |    49 |    33 |     4 |       ||   116
       Mephitic Cloud    |       |     2 |    25 |    59 |    30 |     2 |       ||   118
       Blink             |       |     6 |     6 |     7 |     5 |     2 |     1 ||    27
       Swiftness         |       |       |       |     7 |    17 |     5 |       ||    29
       Summon Ice Beast  |       |       |       |     5 |   300 |   173 |    12 ||   490
       Regeneration      |       |       |       |     4 |    10 |     2 |       ||    16
       Borgnjor's Vile C |       |       |       |       |    75 |    89 |     8 ||   172
       Animate Dead      |       |       |       |       |     2 |    37 |       ||    39
       Freezing Cloud    |       |       |       |       |       |    73 |     4 ||    77
       Simulacrum        |       |       |       |       |       |     4 |     1 ||     5
Invok: Curse Item        |       |     1 |     1 |     2 |     2 |     1 |       ||     7
Evoke: Wand              |       |       |       |    22 |     9 |       |     1 ||    32
       Phial of floods   |       |       |       |       |     1 |       |       ||     1
  Use: Scroll            |       |     9 |       |     2 |    23 |     6 |       ||    40
       Potion            |       |       |     4 |     2 |     3 |     2 |     2 ||    13
 Stab: Distracted        |       |     2 |     1 |     4 |     8 |     6 |     1 ||    22
       Confused          |       |       |     7 |    32 |    13 |       |       ||    52
       Sleeping          |       |       |     3 |     4 |     6 |    12 |     5 ||    30
  Eat: Chunk             |     2 |    10 |    11 |    29 |    34 |    28 |     4 ||   118
       Ration            |       |       |     1 |     3 |     9 |    14 |       ||    27
Armor: Robe              |       |     4 |       |       |       |       |       ||     4
       Ring mail         |       |     8 |    78 |   136 |   184 |   189 |    30 ||   625
Dodge: Dodged            |     8 |    40 |   216 |   361 |   417 |   513 |    71 ||  1626
Block: Shield            |       |       |       |   154 |   330 |   539 |    69 ||  1092
       Rpst.: Scimitar   |       |       |     8 |    97 |    97 |    91 |    21 ||   314
